 Dungeon Crawl Stone Soup version 0.23.2-1-ga50397a (webtiles) character file.

Game seed: 4536008479633436472

73 HASTUR3 the Ruffian (level 4, 27/34 HPs)
             Began as a Demonspawn Gladiator on May 25, 2019.
             Quit the game on level 3 of the Dungeon on May 29, 2019.
             The game lasted 00:05:08 (1691 turns).

HASTUR3 the Ruffian (Demonspawn Gladiator)          Turns: 1691, Time: 00:05:08

Health: 27/34      AC:  5    Str: 16    XL:     4   Next: 8%
Magic:  4/4        EV: 13    Int:  9    God:
Gold:   97         SH:  0    Dex: 14    Spells: 3/3 levels left

rFire    . . .     SeeInvis .     - Unarmed
rCold    . . .     Gourm    .   (no shield)
rNeg     . . .     Faith    .   a - +0 leather armour
rPois    .         Spirit   .   (helmet restricted)
rElec    .         Reflect  .   (no cloak)
rCorr    .         Harm     .   (no gloves)
MR       .....                  (no boots)
Stlth    +.........             (no amulet)
HPRegen  0.11/turn              (no ring)
MPRegen  0.09/turn              (no ring)

@: no status effects
A: horns 1, molten scales 1
a: no special abilities


You were on level 3 of the Dungeon.
You were not hungry.

You visited 1 branch of the dungeon, and saw 3 of its levels.

You collected 97 gold pieces.

Inventory:

Missiles
 c - 3 throwing nets
 j - 66 stones (quivered)
Armour
 a - a +0 leather armour (worn)
 b - a +0 helmet
Jewellery
 r - a cursed ring of attention {unknown}
Wands
 q - a wand of disintegration (9)
Scrolls
 e - 2 scrolls of identify {unknown}
 g - 4 scrolls of teleportation {unknown}
 i - a scroll of remove curse {unknown}
 k - a scroll of fear {unknown}
 l - a scroll of amnesia {unknown}
 o - a scroll of random uselessness {unknown}
Potions
 f - a potion of curing {unknown}
 h - 2 potions of agility {unknown}
 m - a potion of ambrosia {unknown}
 p - a potion of haste {unknown}
Comestibles
 d - 2 rations


   Skills:
 + Level 2.7 Fighting
 - Level 2.0 Throwing
 - Level 0.1 Armour
 * Level 3.3 Dodging
 * Level 3.4 Unarmed Combat


You had 3 spell levels left.
You didn't know any spells.
Your spell library was empty.

Dungeon Overview and Level Annotations

Branches:
Dungeon (3/15)

Altars:


Innate Abilities, Weirdness & Mutations

You have a pair of small horns on your head.
You are partially covered in molten scales. (AC +2)


Message History

Aim: an adder You throw a stone.
The stone closely misses the adder.
You closely miss the adder. The adder bites you.
You hit the adder.
The adder is heavily wounded.
The adder misses you. The adder bites you.
You hit the adder.
The adder is almost dead.
The adder bites you but does no damage.
You hit the adder.
The adder is almost dead.
The adder bites you but does no damage.
You hit the adder.
You kill the adder!
You have reached level 4!
You feel stronger.
Your demonic ancestry asserts itself...
A pair of horns grows on your head!
Your +0 helmet falls away!
You see here an adder corpse.
Are you sure you want to abandon this character and quit the game? (Confirm with "yes".)

### .# ..##.#
. #.##.#
..####.##.#
........#
......#
#..####.##.#
#(!...@....#
.....(##.##.#
##(## #.##.#
#.##.#####
#>##.....#
..######.#
### #.#
#####.#####
#.........#


There were no monsters in sight!

Vanquished Creatures
  4 adders
  An ooze (D:2)
  2 dart slugs
  An orc (D:2)
  2 ball pythons (D:1)
  2 bats (D:1)
  3 giant cockroaches
  2 goblins
  3 hobgoblins
  2 jackals (D:1)
  3 frilled lizards
  2 kobolds (D:1)
  3 rats
30 creatures vanquished.

Vanquished Creatures (others)
  4 toadstools (D:1)
4 creatures vanquished.

Grand Total: 34 creatures vanquished

Notes
Turn   | Place    | Note
-------+----------+-------------------------------------------
     0 | D:1      | HASTUR3 the Demonspawn Gladiator began the quest for the
                  | Orb.
     0 | D:1      | Reached XP level 1. HP: 16/16 MP: 1/1
   135 | D:1      | Gained mutation: You are partially covered in molten
                  | scales. (AC +2) [demonic ancestry]
   135 | D:1      | Reached XP level 2. HP: 21/22 MP: 2/2
   923 | D:2      | Reached XP level 3. HP: 26/28 MP: 3/3
  1689 | D:3      | Gained mutation: You have a pair of small horns on your
                  | head. [demonic ancestry]
  1689 | D:3      | Reached XP level 4. HP: 27/34 MP: 4/4
  1691 | D:3      | Quit the game

Skill      XL: |  1  2  3 |
---------------+----------+-----
Unarmed Combat | 3 |  3.4
Dodging        | 3 |  3.3
Throwing       | 2 |  2.0
Fighting       | |  2.7
Armour         | |  0.1

Action                   |  1- 3 |  4- 6 || total
-------------------------+-------+-------++-------
Melee: Unarmed           |   143 |       ||   143
       Punch             |     1 |       ||     1
Throw: Stone             |    41 |       ||    41
 Stab: Sleeping          |     1 |       ||     1
  Eat: Chunk             |     3 |       ||     3
Armor: Leather armour    |    35 |       ||    35
Dodge: Dodged            |    91 |       ||    91
